Map: Oxide LE

Players

MCanning

  • Race: Protoss Protoss
  • Spawn Location: 7:00

Nina - Winner!

  • Race: Protoss Protoss
  • League: Grandmaster
  • Spawn Location: 1:00

Event: DreamHack SC2 Masters 2020 Winter

VOD

Have the link to the VOD?

Description

Time

  • Played on: Nov. 1, 2020, 2:49 p.m.
  • Length: 12:53

All games in this series

Show
View Real Time Build Order
Export as new Build Order

MCanning Protoss 

Build Orders: 1 Gate Expand, Blink Stalkers 

Get SALT Encoding   

  12  0:00  Probe  
  13  0:12  Probe  
  14  0:19  Pylon  
  14  0:24  Probe  
  15  0:37  Probe (Chrono Boost)  
  15  0:38  Gateway  
  16  0:47  Assimilator  
  16  0:48  Probe (Chrono Boost)  
  17  0:53  Probe (Chrono Boost)  
  18  1:03  Probe  
  19  1:15  Probe  
  20  1:24  Nexus  
  20  1:28  Unknown x2  
  20  1:29  Unknown  
  20  1:34  Cybernetics Core  
  20  1:38  Probe  
  21  1:49  Assimilator  
  21  1:53  Pylon  
  22  1:58  Pylon  
  22  1:59  Probe  
  22  2:10  Sentry (Chrono Boost)  
  22  2:12  Probe  
  22  2:15  Warp Gate (Chrono Boost)  
  25  2:24  Probe  
  26  2:31  Gateway  
  26  2:33  Stalker  
  29  2:37  Probe (Chrono Boost)  
  29  2:41  Shield Battery  
  29  2:44  Probe (Chrono Boost)  
  31  2:54  Probe x2 (Chrono Boost)  
  31  2:56  Shield Battery  
  32  3:00  Probe  
  32  3:04  Pylon  
  33  3:07  Probe (Chrono Boost)  
  33  3:10  Sentry  
  36  3:18  Probe (Chrono Boost)  
  36  3:19  Probe (Chrono Boost)  
  38  3:25  Twilight Council  
  38  3:26  Probe x2 (Chrono Boost)  
  40  3:36  Probe  
  40  3:38  Probe  
  42  3:43  Pylon  
  42  3:48  Probe  
  43  3:50  Probe  
  43  3:52  Forge  
  43  3:55  Blink (Chrono Boost)  
  44  3:57  Stalker x2  
  49  4:02  Probe  
  49  4:05  Probe  
  49  4:14  Pylon  
  49  4:15  Probe  
  50  4:17  Probe  
  50  4:18  Protoss Ground Weapons Level 1  
  50  4:20  Assimilator  
  50  4:22  Stalker  
  53  4:25  Stalker  
  53  4:27  Probe  
  56  4:32  Probe  
  57  4:40  Probe  
  57  4:44  Probe  
  55  4:52  Robotics Facility, Probe  
  56  4:56  Probe  
  57  5:04  Nexus, Probe  
  57  5:06  Pylon  
  58  5:09  Gateway, Probe  
  59  5:14  Gateway  
  59  5:21  Pylon  
  59  5:22  Probe  
  59  5:24  Dark Shrine  
  60  5:28  Immortal  
  60  5:29  Shield Battery  
  60  5:31  Charge (Chrono Boost), Probe  
  61  5:39  Probe  
  61  5:41  Observer  
  63  5:43  Probe  
  63  5:48  Stalker x2  
  68  5:51  Probe  
  68  5:54  Gateway, Shield Battery  
  69  5:57  Gateway  
  69  5:59  Probe  
  69  6:03  Probe  
  71  6:08  Immortal (Chrono Boost)  
  75  6:15  Probe x2  
  75  6:17  Probe, Protoss Ground Weapons Level 2 (Chrono Boost)  
  78  6:27  Probe x2  
  78  6:29  Probe  
  81  6:37  Gateway  
  81  6:38  Gateway  
  81  6:39  Probe  
  82  6:40  Assimilator  
  82  6:42  Dark Templar  
  82  6:44  Assimilator  
  84  6:49  Dark Templar  
  86  6:55  Probe  
  86  6:57  Probe  
  86  6:58  Pylon  
  86  7:01  Zealot x3  
  90  7:02  Pylon  
  90  7:05  Probe  
  95  7:10  Templar Archives  
  95  7:14  Probe  
  92  7:22  Immortal (Chrono Boost)  
  92  7:23  Probe  
  92  7:27  Stalker x3  
  92  7:28  Stalker  
  100  7:37  Zealot x2  
  100  7:38  Zealot x2  
  100  7:42  Probe  
  100  7:44  Pylon  
  109  7:45  Pylon  
  107  7:53  Photon Cannon  
  107  7:56  Photon Cannon  
  107  7:57  High Templar x2  
  111  7:58  Pylon  
  111  8:00  Dark Templar  
  111  8:02  Archon  
  111  8:05  Warp Prism (Chrono Boost)  
  115  8:07  Zealot x2  
  119  8:14  Probe  
  119  8:15  Assimilator  
  119  8:18  Photon Cannon  
  119  8:19  Shield Battery  
  120  8:20  Pylon  
  120  8:21  Photon Cannon  
  120  8:25  Protoss Ground Weapons Level 3 (Chrono Boost)  
  112  8:36  High Templar x2  
  112  8:37  Zealot x4  
  112  8:38  Zealot x2  
  112  8:39  Observer (Chrono Boost)  
  112  8:40  Archon  
  129  8:58  Pylon  
  129  9:03  High Templar x2  
  129  9:05  Pylon, Nexus  
  129  9:09  Probe  
  128  9:12  Archon  
  128  9:13  Zealot x5  
  128  9:14  Zealot  
  140  9:20  Robotics Bay  
  134  9:33  Zealot x2  
  134  9:34  Zealot x2  
  134  9:35  Zealot x2  
  118  9:54  Zealot x3  
  118  9:55  Zealot x5  
  114  10:05  Immortal (Chrono Boost)  
  98  10:15  Dark Templar x4  
  98  10:17  Zealot x3  
  88  10:25  Probe  
  83  10:33  Photon Cannon  
  83  10:34  Photon Cannon, Zealot  
  82  10:36  Robotics Facility  
  82  10:37  Disruptor (Chrono Boost)  
  82  10:42  High Templar x2  
  87  10:43  Zealot  
  87  10:48  Archon  
  91  10:50  Stalker  
  91  10:51  Stalker x2  
  97  10:59  Zealot x2  
  101  11:04  Photon Cannon  
  101  11:08  Zealot  
  101  11:09  Disruptor (Chrono Boost), Shield Battery  
  106  11:17  Dark Templar  
  106  11:19  Stalker x2  
  106  11:21  Zealot  
  106  11:22  Zealot x3  
  106  11:24  Disruptor (Chrono Boost)  
  119  11:35  Observer (Chrono Boost)  
  118  11:41  Gateway  
  118  11:42  Gateway  
  118  11:45  Zealot x6  
  109  11:55  Stalker x2  
  109  11:58  Disruptor (Chrono Boost)  
  109  11:59  Pylon  
  109  12:00  Disruptor (Chrono Boost)  
  111  12:05  Zealot  
  108  12:14  Zealot x3  
  108  12:15  Zealot  
  93  12:20  Stalker x2  
  64  12:32  Dark Templar  
  64  12:36  Stalker  
  64  12:37  Stalker  
  69  12:38  Stalker  
Show
View Real Time Build Order
Export as new Build Order

Nina Protoss - Winner!

Build Orders: Oracle Opening 

Get SALT Encoding   

  12  0:00  Probe  
  13  0:12  Probe  
  14  0:18  Pylon  
  14  0:24  Probe (Chrono Boost)  
  15  0:36  Probe (Chrono Boost)  
  15  0:37  Gateway  
  16  0:45  Probe (Chrono Boost)  
  16  0:48  Assimilator  
  17  0:51  Probe  
  17  0:57  Assimilator  
  18  1:03  Probe (Chrono Boost)  
  19  1:10  Gateway  
  19  1:13  Probe (Chrono Boost)  
  19  1:18  Probe (Chrono Boost)  
  20  1:25  Cybernetics Core  
  21  1:29  Unknown  
  21  1:30  Unknown, Probe  
  21  1:31  Unknown  
  22  1:38  Pylon  
  22  1:42  Probe  
  23  1:56  Probe  
  24  2:06  Stargate  
  24  2:13  Nexus  
  24  2:15  Unknown x2  
  24  2:16  Unknown  
  24  2:18  Probe  
  24  2:21  Warp Gate  
  25  2:26  Nexus  
  25  2:30  Stalker (Chrono Boost)  
  25  2:36  Probe  
  28  2:42  Pylon  
  28  2:48  Probe  
  29  2:59  Oracle (Chrono Boost)  
  29  3:01  Stalker  
  29  3:04  Probe  
  35  3:10  Pylon  
  35  3:16  Probe  
  36  3:23  Gateway  
  36  3:28  Probe  
  36  3:33  Oracle  
  40  3:38  Probe (Chrono Boost)  
  41  3:47  Probe (Chrono Boost)  
  43  3:50  Probe (Chrono Boost)  
  43  3:51  Twilight Council  
  44  3:55  Probe (Chrono Boost)  
  44  3:56  Probe (Chrono Boost)  
  45  4:06  Probe  
  45  4:07  Probe  
  47  4:18  Probe  
  47  4:19  Probe  
  47  4:24  Stalker  
  51  4:25  Nexus  
  51  4:28  Stalker  
  51  4:31  Blink (Chrono Boost)  
  53  4:35  Probe  
  53  4:37  Probe  
  52  4:47  Assimilator, Probe  
  52  4:48  Gateway  
  52  4:51  Stalker  
  55  4:54  Stalker  
  55  4:56  Probe  
  58  5:00  Gateway  
  58  5:05  Gateway  
  58  5:14  Probe  
  58  5:16  Gateway  
  58  5:18  Stalker  
  61  5:21  Pylon  
  61  5:25  Forge  
  61  5:28  Probe  
  62  5:36  Robotics Facility, Probe  
  62  5:37  Pylon  
  62  5:39  Sentry  
  62  5:40  Probe x2  
  64  5:45  Stalker  
  64  5:49  Stalker  
  68  5:53  Phoenix  
  68  5:56  Stalker, Protoss Ground Weapons Level 1 (Chrono Boost)  
  70  5:57  Probe  
  70  5:58  Probe  
  70  6:03  Shield Battery  
  73  6:06  Stalker  
  73  6:09  Probe  
  73  6:10  Stalker  
  77  6:11  Probe x2  
  77  6:16  Stalker  
  81  6:21  Probe  
  81  6:22  Pylon  
  81  6:23  Stalker  
  81  6:24  Probe  
  81  6:25  Probe  
  86  6:30  Stalker  
  88  6:34  Probe  
  88  6:36  Probe  
  88  6:38  Photon Cannon  
  91  6:40  Observer (Chrono Boost), Probe  
  91  6:43  Assimilator  
  91  6:46  Photon Cannon, Probe  
  93  6:48  Pylon  
  93  6:49  Probe  
  94  6:55  Assimilator, Pylon, Probe  
  94  6:56  Observer (Chrono Boost)  
  94  6:57  Pylon  
  94  6:58  Probe  
  94  7:00  Stalker  
  99  7:02  Stalker  
  99  7:06  Probe  
  99  7:07  Stalker  
  104  7:08  Probe  
  104  7:12  Pylon  
  105  7:16  Stalker x2  
  109  7:28  Stalker x3  
  109  7:29  Probe  
  116  7:30  Assimilator  
  116  7:38  Stalker  
  116  7:42  Probe  
  119  7:46  Photon Cannon, Probe  
  120  7:55  Photon Cannon  
  120  7:58  Photon Cannon, Robotics Bay  
  120  8:02  Robotics Facility  
  120  8:03  Photon Cannon, Observer  
  121  8:07  Stalker x2  
  125  8:14  Protoss Ground Weapons Level 2 (Chrono Boost)  
  118  8:36  Stalker x6  
  118  8:40  Gateway  
  130  8:42  Gateway  
  130  8:45  Photon Cannon, Disruptor (Chrono Boost)  
  133  9:08  Nexus  
  133  9:09  Stalker x2  
  133  9:15  Pylon  
  131  9:18  Pylon  
  131  9:21  Pylon  
  133  9:26  Disruptor (Chrono Boost)  
  133  9:30  Stalker  
  133  9:40  Stalker x4  
  135  9:52  Zealot x2  
  129  9:55  Zealot  
  129  9:56  Disruptor, Zealot  
  129  9:59  Observer  
  127  10:00  Zealot  
  127  10:02  Observer  
  127  10:04  Zealot x4  
  117  10:15  Probe  
  117  10:17  Probe x2  
  120  10:23  Pylon  
  120  10:24  Observer  
  120  10:26  Photon Cannon  
  120  10:27  Probe  
  122  10:29  Probe  
  122  10:30  Probe  
  122  10:32  Disruptor  
  122  10:33  Photon Cannon  
  126  10:35  Shield Battery  
  126  10:37  Photon Cannon  
  126  10:38  Photon Cannon  
  126  10:41  Photon Cannon  
  126  10:43  Stalker x5  
  126  10:46  Disruptor  
  126  10:48  Probe  
  140  10:53  Stalker  
  142  11:03  Photon Cannon  
  142  11:06  Probe x4  
  142  11:08  Assimilator, Disruptor  
  142  11:09  Assimilator  
  149  11:22  Disruptor  
  152  11:31  Dark Shrine  
  152  11:43  Disruptor  
  139  11:55  Stalker x7  
  139  11:57  Disruptor  
  147  12:24  Stalker x6  
  147  12:25  Stalker  
  164  12:42  Pylon  
  164  12:44  Pylon  
  164  12:46  Pylon  
Tags
 
Add a new tag
Caveats
  • Supply blocks, unpowered buildings, or Contaminate may cause inaccurate times.
  • Supply counts are checked every 10 seconds.